Map: Overgrown Facility

Players

Qatar

  • Race: Terran Terran
  • League: Gold
  • Spawn Location: 3:00

Kislotaua

  • Race: Zerg Zerg
  • Spawn Location: 1:00

Ryazantseva - Winner!

  • Race: Zerg Zerg
  • League: Platinum
  • Spawn Location: 9:00

PureLegacy - Winner!

  • Race: Terran Terran
  • Spawn Location: 7:00

VOD

Have the link to the VOD?

Description

Time

  • Played on: Nov. 29, 2018, 3:24 p.m.
  • Length: 4:14
Show
View Real Time Build Order
Export as new Build Order

Qatar Terran 

Build Orders:  

Get SALT Encoding   

  12  0:01  SCV  
  13  0:13  SCV  
  14  0:18  Supply Depot  
  14  0:25  SCV  
  15  0:32  Refinery  
  15  0:40  SCV  
  16  0:45  Barracks  
  16  0:52  SCV  
  17  1:02  Barracks  
  17  1:08  SCV  
  18  1:21  SCV  
  19  1:33  Reaper  
  19  1:34  Supply Depot  
  19  1:37  Orbital Command  
  20  1:49  Reaper  
  21  2:03  SCV  
  21  2:05  Reaper  
  23  2:15  SCV  
  24  2:19  Command Center  
  24  2:26  Barracks Reactor  
  23  2:38  Barracks Tech Lab  
  23  2:44  Barracks  
  23  2:45  Refinery  
  22  2:58  Marauder, SCV  
  24  3:00  Supply Depot  
Show
View Real Time Build Order
Export as new Build Order

Kislotaua Zerg 

Build Orders: Hatch First 

Get SALT Encoding   

  12  0:03  Drone  
  13  0:12  Overlord  
  13  0:18  Drone  
  14  0:30  Drone x2  
  16  0:36  Drone  
  17  0:46  Drone  
  18  0:58  Hatchery  
  18  1:02  Drone  
  18  1:03  Extractor  
  17  1:17  Spawning Pool  
  16  1:20  Drone  
  16  1:23  Drone  
  18  1:31  Drone  
  19  1:41  Overlord  
  19  1:53  Drone  
  20  1:56  Evolution Chamber  
  19  2:04  Queen  
  19  2:05  Metabolic Boost  
  19  2:07  Zergling x2  
  22  2:12  Drone  
  23  2:20  Queen  
  25  2:24  Drone  
  27  2:30  Drone  
  27  2:47  Zergling x8  
  31  2:53  Zergling x2  
  32  2:59  Zergling x4  
  34  3:07  Zergling x2  
  35  3:17  Zergling x2  
  35  3:24  Zergling x4  
  35  3:34  Hatchery  
  35  3:36  Zergling x4  
  35  3:44  Hatchery  
  33  3:48  Overlord  
Show
View Real Time Build Order
Export as new Build Order

Ryazantseva Zerg - Winner!

Build Orders: Hatch First 

Get SALT Encoding   

  12  0:01  Drone  
  13  0:12  Drone  
  14  0:24  Extractor  
  14  0:25  Drone x2, Extractor  
  16  0:46  Hatchery  
  16  0:49  Extractor  
  14  0:57  Drone, Extractor  
  15  1:09  Spawning Pool  
  14  1:19  Drone, Extractor  
  14  1:23  Overlord  
  15  1:42  Drone  
  15  1:43  Drone x2  
  18  1:58  Metabolic Boost  
  18  2:00  Zergling x2  
  19  2:04  Zergling x2  
  19  2:07  Zergling x2  
  21  2:09  Queen  
  21  2:15  Zergling x2  
  24  2:18  Zergling x2  
  25  2:22  Overlord  
  25  2:29  Zergling x2  
  26  2:34  Zergling x2  
  27  2:38  Zergling x2  
  27  2:42  Zergling x2  
  29  2:47  Zergling x2  
  30  2:55  Zergling x2  
  31  2:59  Zergling x2  
  31  3:03  Queen  
  31  3:05  Zergling x2  
  35  3:08  Overlord  
  35  3:16  Zergling x2  
  36  3:24  Overlord x3  
  36  3:31  Zergling x2  
  36  3:32  Zergling x2  
  38  3:37  Zergling x2  
  39  3:47  Zergling x2  
  39  3:48  Zergling x2  
  41  3:53  Zergling x2  
Show
View Real Time Build Order
Export as new Build Order

PureLegacy Terran - Winner!

Build Orders:  

Get SALT Encoding   

  12  0:01  SCV  
  13  0:13  SCV  
  14  0:18  Supply Depot  
  14  0:25  SCV  
  15  0:30  Refinery  
  15  0:39  SCV  
  16  0:47  Barracks  
  16  0:52  SCV  
  17  1:03  Barracks  
  17  1:20  Barracks  
  17  1:21  SCV  
  18  1:35  Reaper  
  19  1:42  Orbital Command  
  19  1:50  Refinery  
  19  1:55  Reaper  
  19  2:00  Supply Depot  
  20  2:07  Reaper  
  21  2:11  Reaper  
  22  2:17  SCV  
  23  2:23  Supply Depot  
  23  2:28  Reaper  
  23  2:29  SCV  
  25  2:39  Reaper  
  25  2:43  Reaper  
  27  2:49  SCV  
  28  3:01  Reaper  
  29  3:06  Command Center  
  29  3:08  SCV  
  30  3:21  Reaper  
  30  3:25  Reaper, SCV  
  32  3:36  Reaper  
  32  3:37  SCV  
  34  3:51  Barracks x2  
  37  4:14  Supply Depot  
Tags
 
Add a new tag
Caveats
  • Supply blocks, unpowered buildings, or Contaminate may cause inaccurate times.
  • Supply counts are checked every 10 seconds.